Map: Orbital Shipyard

Players

GGPlay - Winner!

  • Race: Zerg Zerg
  • League: Bronze

Javert

  • Race: Zerg Zerg
  • League: Grandmaster

VOD

Have the link to the VOD?

Description

Time

  • Played on: Aug. 27, 2015, 10:58 p.m.
  • Length: 19:31
Show
View Real Time Build Order
Export as new Build Order

GGPlay Zerg - Winner!

Build Orders: Pool First, Lurkers 

Get SALT Encoding   

  12  0:00  Drone  
  13  0:09  Drone  
  14  0:21  Overlord  
  14  0:33  Spawning Pool  
  13  0:37  Drone  
  14  0:43  Extractor  
  14  0:45  Drone  
  14  0:50  Drone  
  14  0:52  Drone  
  16  1:00  Drone  
  17  1:11  Drone  
  18  1:21  Queen  
  20  1:26  Overlord  
  20  1:41  Drone  
  21  1:51  Metabolic Boost  
  21  1:54  Zergling x4  
  23  2:10  Hatchery  
  23  2:11  Baneling Nest  
  23  2:13  Zergling x2  
  22  2:19  Zergling x2  
  23  2:29  Zergling x6  
  26  2:45  Drone  
  27  2:54  Overlord  
  27  2:58  Baneling x4  
  27  3:02  Drone  
  27  3:03  Drone x2  
  30  3:16  Drone  
  28  3:30  Roach Warren  
  28  3:33  Queen  
  29  3:34  Drone x2  
  29  3:35  Drone  
  29  3:39  Drone  
  33  3:50  Overlord  
  33  3:51  Overlord  
  31  4:05  Overlord  
  31  4:15  Roach x5  
  41  4:18  Roach  
  43  4:28  Lair  
  43  4:35  Drone x4  
  45  4:39  Extractor x2  
  43  4:46  Drone x3, Extractor  
  43  4:50  Drone  
  43  4:52  Drone  
  47  4:54  Drone  
  48  5:04  Drone  
  48  5:05  Drone  
  50  5:11  Drone x3  
  50  5:13  Drone x2  
  55  5:16  Drone  
  56  5:22  Roach  
  56  5:26  Roach  
  60  5:34  Roach x2  
  64  5:36  Glial Reconstitution  
  64  5:46  Roach  
  64  5:47  Roach  
  64  5:48  Overlord  
  68  6:02  Overseer  
  68  6:08  Drone x3  
  68  6:10  Drone x3  
  74  6:13  Hatchery  
  73  6:19  Evolution Chamber  
  73  6:21  Evolution Chamber  
  71  6:40  Roach x2  
  71  6:41  Overlord x4  
  75  6:54  Pneumatized Carapace  
  75  7:00  Roach  
  75  7:01  Roach x5  
  87  7:03  Zerg Missile Weapons Level 1  
  87  7:05  Zerg Ground Armor Level 1  
  87  7:12  Roach x2  
  91  7:22  Overseer  
  91  7:26  Roach  
  91  7:27  Roach x4  
  101  7:33  Queen  
  99  7:46  Roach x4  
  101  7:58  Roach x2  
  105  8:00  Overlord x3  
  105  8:01  Overlord  
  105  8:11  Hydralisk Den  
  104  8:17  Roach x2  
  98  8:33  Roach x6  
  98  8:34  Roach x3  
  90  8:47  Muscular Augments  
  88  8:48  Roach  
  88  8:49  Roach x3  
  86  9:07  Roach  
  86  9:08  Roach x6  
  94  9:23  Roach x3  
  94  9:24  Roach x2  
  100  9:33  Roach x5  
  108  9:46  Drone x6  
  108  9:52  Hydralisk x2  
  118  9:59  Lurker Den  
  118  10:06  Roach x5  
  110  10:14  Hydralisk  
  110  10:20  Zerg Missile Weapons Level 2  
  110  10:27  Hydralisk x2  
  110  10:28  Hydralisk  
  114  10:46  Roach x7  
  114  10:47  Roach  
  112  11:04  Roach x5  
  112  11:05  Roach  
  112  11:07  Extractor  
  121  11:12  Extractor  
  121  11:13  Roach x3  
  121  11:18  Zerg Ground Armor Level 2  
  126  11:24  Drone x4  
  130  11:26  Lurker  
  130  11:27  Lurker  
  130  11:29  Lurker  
  130  11:30  Lurker  
  134  11:43  Roach  
  134  11:44  Overlord x3, Roach  
  138  12:04  Overlord x2  
  138  12:05  Overlord x3  
  138  12:07  Overlord  
  131  12:38  Hydralisk x7  
  131  12:39  Hydralisk x3  
  151  13:00  Hydralisk x7  
  160  13:06  Overseer  
  144  13:14  Lurker x5  
  117  13:50  Queen  
  117  13:52  Drone x5  
  100  14:10  Roach x8  
  114  14:18  Hatchery  
  114  14:19  Hatchery  
  113  14:30  Roach x10  
  118  14:56  Roach x8  
  130  15:08  Hatchery  
  129  15:25  Roach  
  129  15:26  Roach x6  
  143  15:37  Hatchery  
  123  16:07  Spire  
  123  16:11  Roach x12  
  138  16:12  Roach  
  146  16:40  Roach x5  
  146  16:41  Roach  
  154  16:56  Hatchery  
  153  17:06  Roach  
  153  17:07  Roach x8  
  171  17:21  Roach  
  171  17:22  Roach x4  
  117  17:39  Roach x5  
  99  17:55  Hydralisk x4  
  99  18:25  Hatchery  
  98  18:35  Roach x6  
  108  19:02  Roach  
  108  19:03  Roach x5  
Show
View Real Time Build Order
Export as new Build Order

Javert Zerg 

Build Orders: Pool First, Lurkers 

Get SALT Encoding   

  12  0:01  Drone  
  13  0:13  Overlord  
  13  0:18  Drone  
  14  0:31  Drone  
  14  0:32  Drone  
  16  0:36  Drone  
  17  0:49  Drone, Spawning Pool  
  17  0:51  Extractor  
  16  0:58  Drone  
  17  1:08  Drone  
  18  1:22  Hatchery  
  17  1:37  Roach Warren  
  17  1:38  Queen  
  18  1:42  Drone  
  18  1:46  Drone  
  20  1:52  Drone  
  21  1:58  Overlord  
  21  2:18  Roach x2  
  25  2:27  Roach  
  27  2:33  Queen  
  27  2:35  Overlord  
  29  2:47  Roach x3  
  35  3:05  Roach  
  37  3:21  Roach  
  37  3:23  Overlord x2  
  39  3:28  Drone x5  
  39  3:33  Overlord  
  44  3:50  Hatchery  
  44  3:54  Drone  
  44  3:55  Drone  
  45  4:00  Queen  
  47  4:03  Drone x3  
  50  4:10  Drone  
  50  4:11  Drone x2  
  53  4:21  Drone x4  
  57  4:30  Drone  
  57  4:31  Drone x2  
  60  4:35  Overlord  
  60  4:48  Lair  
  60  4:50  Extractor  
  60  4:51  Extractor  
  58  4:59  Overlord  
  58  5:01  Drone x5  
  58  5:02  Drone  
  58  5:04  Queen  
  66  5:07  Extractor  
  66  5:13  Overlord x2  
  65  5:20  Drone x2  
  65  5:21  Drone x2  
  69  5:22  Evolution Chamber  
  68  5:33  Roach x4  
  68  5:34  Roach  
  76  5:41  Overlord  
  74  5:43  Drone x3  
  77  5:52  Zerg Missile Weapons Level 1  
  77  5:53  Drone x3  
  80  5:58  Hydralisk Den  
  79  6:08  Glial Reconstitution  
  79  6:14  Lurker Den  
  79  6:18  Drone x10  
  85  6:20  Extractor  
  88  6:30  Evolution Chamber  
  87  6:37  Overlord  
  87  6:40  Roach x4  
  87  6:41  Roach x3  
  87  6:45  Overlord x2  
  101  6:51  Extractor  
  101  6:53  Overlord x2  
  100  6:58  Zerg Ground Armor Level 1  
  100  7:00  Hydralisk x2  
  100  7:01  Hydralisk  
  104  7:05  Overlord x2  
  106  7:09  Overlord x2  
  106  7:16  Hydralisk x4  
  106  7:22  Overlord x2  
  114  7:23  Drone  
  115  7:34  Overlord  
  111  7:50  Roach x8  
  113  7:52  Lurker  
  113  7:53  Lurker x2  
  113  7:57  Overlord  
  116  8:03  Roach x2  
  116  8:04  Roach x3  
  126  8:09  Hatchery  
  111  8:22  Hydralisk  
  111  8:23  Hydralisk x4  
  119  8:33  Zerg Missile Weapons Level 2  
  101  8:47  Roach x3  
  101  8:48  Roach x6  
  119  8:53  Overlord  
  119  9:02  Overseer  
  117  9:05  Overlord  
  109  9:23  Roach x9  
  106  9:32  Roach  
  106  9:34  Zerg Ground Armor Level 2  
  102  9:41  Roach  
  102  9:42  Roach x8  
  102  9:45  Overlord  
  118  9:49  Drone  
  118  9:50  Queen x2  
  117  10:08  Roach  
  115  10:18  Roach x12  
  139  10:25  Overlord  
  139  10:40  Hydralisk  
  139  10:41  Hydralisk x3  
  133  10:51  Roach  
  133  10:52  Roach x4  
  133  10:55  Hatchery  
  122  11:07  Roach x4  
  122  11:08  Roach x3  
  136  11:11  Overlord x2  
  136  11:22  Zergling x2  
  136  11:23  Zergling x14  
  144  11:31  Hydralisk x3  
  150  11:40  Infestation Pit  
  149  11:51  Hydralisk  
  149  11:52  Hydralisk x4  
  159  12:06  Lurker  
  159  12:07  Lurker x3  
  163  12:17  Drone  
  163  12:18  Drone x9  
  163  12:19  Infestation Pit  
  168  12:37  Roach x8  
  173  13:12  Hydralisk, Extractor  
  164  13:13  Spore Crawler, Hydralisk x8, Extractor  
  147  13:34  Hydralisk x6  
  147  13:35  Hydralisk x2  
  147  13:38  Pneumatized Carapace  
  158  13:53  Roach x8  
  171  14:09  Drone x3  
  170  14:20  Lurker x3  
  170  14:21  Lurker x3  
  170  14:23  Roach x8  
  181  14:52  Overseer x3  
  145  14:53  Overseer  
  145  14:55  Hydralisk  
  145  14:56  Hydralisk x6  
  156  15:11  Overlord x2  
  156  15:20  Spine Crawler, Roach  
  156  15:21  Spine Crawler, Roach x2  
  155  15:27  Lurker x2  
  155  15:28  Lurker  
  157  15:34  Ravager x2  
  157  15:35  Ravager x3  
  145  16:12  Roach  
  145  16:13  Roach x10  
  145  16:17  Ravager x3  
  145  16:18  Ravager x3  
  173  16:21  Drone  
  174  16:33  Overseer  
  174  16:37  Overlord  
  174  16:53  Overlord  
  174  16:54  Overlord  
  160  17:01  Overlord  
  160  17:06  Lurker  
  160  17:07  Lurker x3  
  160  17:08  Lurker  
  165  17:12  Hatchery  
  139  17:29  Roach  
  103  17:30  Roach x7  
  111  17:41  Roach x4  
  96  17:57  Hive  
  96  18:04  Hydralisk x4  
  104  18:08  Overlord  
  92  18:25  Roach, Extractor  
  92  18:26  Roach x4  
  99  18:29  Extractor  
  96  18:41  Lurker x3  
  99  18:46  Roach x5  
  99  19:08  Roach  
  99  19:09  Roach x6  
Tags
 
Add a new tag
Caveats
  • Supply blocks, unpowered buildings, or Contaminate may cause inaccurate times.
  • Supply counts are checked every 10 seconds.